 Dungeon Crawl Stone Soup version 0.30-a0-305-g026cb31310 (webtiles) character file.

Game seed: 7370784269140530574

87 LnG the Caller (level 4, -2/24 HPs)
             Began as a Kobold Summoner on Oct 23, 2022.
             Slain by an orc
             ... wielding a +0 whip
              (3 damage)
             ... on level 3 of the Dungeon.
             The game lasted 00:06:18 (2489 turns).

LnG the Caller (Kobold Summoner)                    Turns: 2489, Time: 00:06:19

Health: -2/24      AC:  2    Str:  5    XL:     4   Next: 80%
Magic:  3/8        EV: 15    Int: 18    God:
Gold:   142        SH:  0    Dex: 15    Spells: 2/8 levels left

rFire   . . .      SeeInvis .    k - +1 dagger
rCold   . . .      Faith    .    (no shield)
rNeg    . . .      Spirit   .    a - +0 robe
rPois   .          Reflect  .    (no helmet)
rElec   .          Harm     .    (no cloak)
rCorr   .          Rampage  .    (no gloves)
Will    .....                    (no boots)
Stlth   ++++......               (no amulet)
HPRegen 0.24/turn                (no ring)
MPRegen 0.11/turn                (no ring)

@: no status effects
A: small, no large weapons, nightstalker 3
a: no special abilities


You were on level 3 of the Dungeon.
You visited 1 branch of the dungeon, and saw 3 of its levels.

You collected 142 gold pieces.

Inventory:

Hand Weapons
 k - a +1 dagger (weapon)
Armour
 a - a +0 robe (worn)
 i - a +0 helmet
Scrolls
 c - 3 scrolls of teleportation
 f - a scroll of magic mapping
Potions
 b - a potion of magic
 d - a potion of resistance
 e - a potion of might {unknown}
 g - a potion of lignification {unknown}
 h - a potion of mutation {unknown}
 j - a potion of haste {unknown}
 l - a potion of degeneration {unknown}


   Skills:
 + Level 3.0 Dodging
 * Level 4.1 Stealth
 + Level 2.8 Spellcasting
 + Level 4.7 Summonings


You had 2 spell levels left.
You knew the following spells:

 Your Spells              Type           Power      Damage    Failure   Level
a - Summon Small Mammal   Summ           76%        N/A       2%          1
b - Call Imp              Summ           19%        N/A       3%          2
c - Call Canine Familiar  Summ           19%        N/A       7%          3

Your spell library contained the following spells:

 Spells                   Type           Power      Damage    Failure   Level
 Beastly Appendage        Tmut           4%         N/A       17%         1
 Foxfire                  Conj/Fire      8%         2x1d4     17%         1
 Ensorcelled Hibernation  Hex/Ice        4%         N/A       26%         2
 Wereblood                Tmut           2%         N/A       26%         2
 Summon Guardian Golem    Hex/Summ       11%        N/A       19%         3
 Spider Form              Tmut/Pois      2%         N/A       45%         3
 Summon Lightning Spire   Summ/Air       11%        N/A       52%         4
 Anguish                  Hex/Necr       1%         N/A       86%         4
 Fireball                 Conj/Fire      1%         3d3       99%         5
 Starburst                Conj/Fire      1%         6d3       100%        6
 Chain Lightning          Conj/Air       1%         3d1       100%        9
 Fire Storm               Conj/Fire      1%         7d1       100%        9
 Shatter                  Erth           1%         3d5*      100%        9


Dungeon Overview and Level Annotations

Branches:
Dungeon (3/15)

Altars:


Innate Abilities, Weirdness & Mutations

You are small and have problems with some larger weapons.
You are completely attuned to the shadows.


Message History

You barely miss the orc. The orc misses you.
You hit the orc.
The orc is lightly wounded.
The orc closely misses you.
You hit the orc but do no damage.
The orc is lightly wounded.
An adder comes into view.
The orc closely misses you.
You hit the orc but do no damage.
The orc is lightly wounded.
The orc misses you.
You hit the orc but do no damage.
The orc is lightly wounded.
The orc closely misses you.
You barely miss the orc. The adder closely misses you. The adder misses you.
The orc closely misses you.
You closely miss the orc. The adder bites you. The orc hits you with a +0 whip.
You hit the orc but do no damage. The adder misses you.
The orc barely misses you.
You hit the orc.
The orc is moderately wounded.
The adder barely misses you. The orc hits you with a +0 whip.
You hit the orc.
The orc is heavily wounded.
The adder closely misses you. x2; The orc hits you with a +0 whip.
You are too injured to fight recklessly!
Casting: Call Canine Familiar (quite dangerous; 7% risk of failure)
Confirm with . or Enter, or press ? or * to list all spells.
The spell is quite dangerous to miscast (7% risk of failure)!
Continue anyway?
The adder bites you.
* * * LOW HITPOINT WARNING * * *
The orc hits you with a +0 whip.
* * * LOW HITPOINT WARNING * * *
Casting: Call Canine Familiar (quite dangerous; 7% risk of failure)
Confirm with . or Enter, or press ? or * to list all spells.
A beastly little devil appears in a puff of flame.
The adder bites you.
* * * LOW HITPOINT WARNING * * *
Your hound closely misses the orc.
The orc hits you with a +0 whip.
You die...

..
##########
###.
#........#
...
#.######.#
.##o####.#
#.#
...h@.5..#
#.#
###S######
###.####
...
#.......
....
###.#.###.
####
#.......#
#.#>.....
#.#......
#.#.....#
#.#..##.#


You could see an adder, an orc (ally target), a friendly hound (summoned) and a
friendly crimson imp (summoned).

Vanquished Creatures
  3 gnolls
  An adder (D:2)
  A worm (D:2)
  2 endoplasms (D:2)
  3 giant cockroaches
  A kobold (D:2)
  A rat (D:2)
12 creatures vanquished.

Vanquished Creatures (collateral kills)
  A worm (D:2)
  A ball python (D:2)
  4 bats (D:1)
  3 endoplasms
  3 giant cockroaches (D:1)
  2 goblins (D:2)
  4 hobgoblins
  4 jackals (D:1)
  A kobold (D:2)
  A quokka (D:2)
  3 rats
27 creatures vanquished.

Grand Total: 39 creatures vanquished

Notes
Turn   | Place    | Note
-------+----------+-------------------------------------------
     0 | D:1      | LnG the Kobold Summoner began the quest for the Orb.
     0 | D:1      | Reached XP level 1. HP: 10/10 MP: 3/3
   258 | D:1      | Reached XP level 2. HP: 15/15 MP: 3/5
   887 | D:1      | Reached XP level 3. HP: 18/19 MP: 3/6
   890 | D:1      | Learned a level 2 spell: Call Imp
   894 | D:1      | Learned a level 3 spell: Call Canine Familiar
  1695 | D:2      | Reached XP level 4. HP: 24/24 MP: 4/8
  2489 | D:3      | HP: 1/24 [adder (1)]
  2489 | D:3      | Slain by an orc

Illustrated notes

Levels and vault maps discovered:
D:1:      dpeg_arrival_simpleton_a, layout_basic, minmay_door_square
D:2:      layout_basic
D:3:      layout_loops_cross, nzn_wu_jian_council_hall,
          hellmonk_okawaru_the_only_friend_you_need,
          nicolae_yredelemnul_corpse_copse, uniq_natasha, uniq_grinder

Skill      XL: |  1  2  3  4 |
---------------+-------------+-----
Stealth        | 3 4 |  4.1
Dodging        | 3 |  3.0
Spellcasting   | |  2.8
Summonings     | |  4.7

Action                   |  1- 3 |  4- 6 || total
-------------------------+-------+-------++-------
Melee: Unarmed           |    80 |       ||    80
       Dagger            |    12 |    46 ||    58
       Punch             |     2 |       ||     2
 Cast: Summon Small Mamm |    25 |       ||    25
       Call Canine Famil |     4 |     3 ||     7
       Call Imp          |     3 |     4 ||     7
  Use: Scroll            |     6 |       ||     6
 Stab: Sleeping          |     6 |       ||     6
       Distracted        |     1 |     1 ||     2
Armor: Robe              |    12 |     3 ||    15
Dodge: Dodged            |    91 |    43 ||   134

Table legend: (Time is in decaauts)
 A = Elapsed time spent in this place.
 B = Non-inter-level travel time spent in this place.
 C = Inter-level travel time spent in this place.
 D = Time resting spent in this place.
 E = Time spent auto-exploring this place.
 F = Levels seen in this place.
 G = Mean time per level.
                   A        B        C        D        E       F      G
               +--------+--------+--------+--------+--------+-----+--------+
         Total |   2489 |   2415 |     74 |    158 |   1632 |   3 |  829.7 |
       Dungeon |   2489 |   2415 |     74 |    158 |   1632 |   3 |  829.7 |
               +--------+--------+--------+--------+--------+-----+--------+

Top non-repeatable levels by time:
     D:1: 1237 daAuts
     D:2: 1186 daAuts
     D:3: 65 daAuts
